 Dungeon Crawl Stone Soup version 0.20.0 (webtiles) character file.

372308 SpeedrunTech the Champion of Chaos (level 21, -29/216 HPs)
             Began as a Deep Dwarf Fighter on June 11, 2017.
             Was the Champion of Makhleb.
             Annihilated by a komodo dragon (30 damage)
             ... summoned by a yellow draconian stormcaller
             ... on level 4 of the Realm of Zot.
             The game lasted 00:36:31 (25114 turns).

SpeedrunTech the Champion of Chaos (DDFi)          Turns: 25114, Time: 00:36:31

Health: -29/216    AC:  0    Str: 25    XL:     21   Next: 37%
Magic:  4/4        EV: 13    Int: 17    God:    Makhleb [******]
Gold:   559        SH: 14    Dex: 10    Spells: 20/20 levels left

rFire    + + +     SeeInvis .   a - +3 broad axe (freeze)
rCold    + . .     Gourm    +   c - +0 shield
rNeg     + . .     Faith    .   M - +7 plate armour "Ygiysu" {rF++}
rPois    .         Spirit   .   E - +2 helmet
rElec    .         Reflect  .   U - scarf {rC+ rF+}
rCorr    +         Harm     .   v - +1 pair of gloves
MR       +++++     Rnd*Rage +   N - +1 pair of boots
Stlth    ..........             i - amulet of the gourmand
Regen    0.0/turn               O - ring of the Mage {Wiz MR++ Int+3}
MPRegen  0.1/turn               P - ring of resist corrosion

@: corroded, berserk cooldown, very slightly contaminated, non-regenerating,
slowed, very slow
A: damage resistance, heal wounds, berserk 1, blurry vision 1, clumsy 1,
negative energy resistance 1, sense surroundings 3, no regeneration
}: 3/15 runes: barnacled, silver, gossamer
a: Heal Wounds, Minor Destruction, Lesser Servant of Makhleb, Major Destruction,
Greater Servant of Makhleb, Renounce Religion


You were on level 4 of the Realm of Zot.
You worshipped Makhleb.
Makhleb was exalted by your worship.
You were completely stuffed.

You visited 8 branches of the dungeon, and saw 44 of its levels.

You collected 2454 gold pieces.
You spent 1895 gold pieces at shops.

Inventory:

Hand Weapons
 a - a +3 broad axe of freezing (weapon)
 b - a +1 hand axe of flaming
 z - the +2 broad axe of the Shark {holy, rN+ Dex+2}
   (You acquired it on level 3 of the Lair of Beasts)

   It has been blessed by the Shining One to cause great damage to the undead
   and demons.
   It affects your dexterity (+2).
   It protects you from negative energy.
 W - a +3 war axe of electrocution
Armour
 c - a +0 shield (worn)
 n - +0 gold dragon scales
 r - a +0 large shield
 v - a +1 pair of gloves (worn)
 E - a +2 helmet (worn)
 M - the +7 plate armour "Ygiysu" (worn) {rF++}
   (You found it on level 15 of the Dungeon)

   It greatly protects you from fire.
 N - a +1 pair of boots (worn)
 S - the +5 plate armour of Limitation {rF+ Str+4 Dex+6}
   (You found it on level 5 of the Lair of Beasts)

   It affects your strength (+4).
   It affects your dexterity (+6).
   It protects you from fire.
 U - a scarf of resistance (worn)
Jewellery
 i - an amulet of the gourmand (around neck)
 B - an uncursed ring of see invisible
 C - an uncursed ring of protection from cold
 O - the ring of the Mage (left hand) {Wiz MR++ Int+3}
   (You found it on level 4 of the Shoals)

   [ring of wizardry]

   It improves your spell success rate.
   It affects your intelligence (+3).
   It affects your resistance to hostile enchantments.
 P - a ring of resist corrosion (right hand)
 Z - the ring "Sigh" {rF+ MP+9 Stlth+}
   (You found it on level 4 of the Shoals)

   [ring of magical power]

   It protects you from fire.
   It affects your magic capacity (+9).
   It makes you more stealthy.
Wands
 d - a wand of paralysis (9/24)
 t - a wand of confusion (21/48)
 w - a wand of digging (16/24)
Scrolls
 g - a scroll of fog
 j - 6 scrolls of recharging
 q - 5 scrolls of identify
 x - 2 scrolls of magic mapping
 y - 7 scrolls of teleportation
 F - 12 scrolls of remove curse
 J - 3 scrolls of blinking
Potions
 e - 12 potions of flight
 h - 8 potions of curing
 k - 5 potions of lignification {!q}
 l - a potion of agility
 o - 6 potions of mutation {!q!q}
 u - 5 potions of brilliance
 D - a potion of magic
 T - 3 potions of invisibility
 X - a potion of resistance
Comestibles
 f - 12 bread rations
 m - 23 royal jellies
 p - 15 meat rations
 G - 13 fruits


   Skills:
 * Level 19.0 Fighting
 - Level 18.7 Axes
 + Level 15.1 Armour
 + Level 12.9 Dodging
 - Level 15.6 Shields
 + Level 20.2 Invocations


You had 20 spell levels left.
You didn't know any spells.

Dungeon Overview and Level Annotations

Branches:
Dungeon (15/15)            Temple (1/1) D:6            Lair (6/6) D:10
 Shoals (4/4) Lair:2       Spider (4/4) Lair:3        Slime (0/5) Lair:5
    Orc (0/2) D:9          Vaults (5/5) D:14         Depths (5/5) D:15
    Zot (4/5) Depths:5
  Crypt: Vaults:2-3

Altars:
Dithmenos
Hepliaklqana
Kikubaaqudgha
Makhleb
Nemelex Xobeh
Okawaru
Qazlal
Ru
Trog
Uskayaw
Vehumet
Yredelemnul
Zin
The Shining One
Jiyva

Shops:
D:4 %   D:8 [   D:9 (   D:13 (   Shoals:3 !   Vaults:1 *   Vaults:2 *}((
Depths:1 :*%   Depths:2 =}=

Annotations:
Lair:5 1 runed door
Lair:6 1 runed door


Innate Abilities, Weirdness & Mutations

You are resistant to damage.
You can heal yourself by infusing magical energy.
You resist negative energy. (rN+)
You passively map a large area around you.
You do not regenerate.
You tend to lose your temper in combat.
Scrolls take you a little longer to read.
You are clumsy. (Dex -2)


Message History

The yellow draconian stormcaller barely misses you.
The acid blob spits acid at you. You block the splash of acid.
The yellow draconian stormcaller closely misses you.
The komodo dragon bites you!
* * * LOW HITPOINT WARNING * * *
You block the death drake's attack.
Unknown command.
You are too injured to fight recklessly!
Unknown command.
Okay, then.
Your blink will be uncontrolled - continue anyway?
Really read with blurry vision while enemies are nearby?
The acid blob hits you!
* * * LOW HITPOINT WARNING * * *
You are splashed with acid!
The acid burns!
You resist.
* * * LOW HITPOINT WARNING * * *
The yellow draconian stormcaller hits you with a rapier.
The komodo dragon bites you!!
You die...

### ##.....#* * ##...#...#
*
#################...###...
* ##..............#รท..##
*#..
##..................## *#.
##...###..#######...## *#
##...## #...)# ##...#* *
##...## ###.J## ##...#*
##...## ###).k@### ##...#*
*#...## **#....qql.#**
*#...#* #...##
*#.......k....#* *#...#
#..#* *#.....####.....#*
*#..# #..*
*..).##*,,*##....# *..#
..,* **...#*,,,,,,*#...#*
*,.# ..,*
*,..#*,,,,,,,,*#...* *,,*
#,,* *,,,*,,,,>,,,,,*...*
*,,* *,,*
*,,,*,,,,,>,,,,*,..* *,,*


You could see an acid blob, 2 draconians, a death drake, a wind drake and a
komodo dragon.

Vanquished Creatures
  An orb of fire (Zot:4)
  A curse toe (Zot:1)
  3 golden dragons
  Nikola (Spider:2)
  4 tentacled monstrosities
  The ghost of YTcomUltraviolent4 the Champion of Chaos, an adept DDFi of Makhleb (Vaults:5)
  2 liches
  2 titans (Vaults:5)
  2 acid blobs (Zot:4)
  Frances (D:14)
  3 quicksilver dragons
  A death cob (Zot:3)
  Kirke (Shoals:1)
  5 tengu reavers
  2 shadow dragons
  5 storm dragons
  A draconian monk (Depths:5)
  3 fire giants
  A deep elf sorcerer (Vaults:2)
  2 iron dragons (Vaults:5)
  A ghost moth (shapeshifter) (Vaults:5)
  2 ghost moths
  A draconian knight (Zot:4)
  15 vault wardens
  6 frost giants
  2 cacodemons (Depths:5)
  A draconian shifter (Depths:5)
  An emperor scorpion (Spider:4)
  Louise (Spider:3)
  A very ugly thing (Depths:2)
  3 draconian annihilators
  14 ironheart preservers
  2 war gargoyles (Vaults:5)
  3 entropy weavers
  7 stone giants
  3 green draconians
  A white draconian (Depths:5)
  3 black draconians
  5 yellow draconians (Zot:4)
  2 red draconians
  4 spark wasps
  2 deep elf annihilators
  4 deep elf death magi (Vaults:2)
  7 ettins
  2 purple draconians
  2 fire dragons
  2 merfolk javelineers (Shoals:4)
  8 merfolk impalers
  3 great orbs of eyes
  3 hydras
  2 deep elf high priests (Vaults:5)
  33 vault guards
  12 ogre magi
  5 ice dragons
  A merfolk avatar (Shoals:3)
  2 merfolk aquamancers
  5 yaktaur captains
  An alligator snapping turtle (Shoals:4)
  A rakshasa (Vaults:2)
  4 centaur warriors
  An anaconda (shapeshifter) (Vaults:5)
  A vampire mage (Depths:3)
  A satyr (Shoals:4)
  4 deep troll shamans
  4 death yaks (Lair:6)
  6 deep troll earth magi
  A dancing weapon (Vaults:5)
  29 two-headed ogres
  2 large abominations (Vaults:5)
  A sun demon (Depths:5)
  5 spriggan berserkers
  5 deep elf knights
  A small abomination (Vaults:5)
  A soul eater (Depths:5)
  3 sixfirhies (Depths:5)
  4 sea snakes
  4 shadow wraiths
  An unseen horror (shapeshifter) (Vaults:4)
  A glowing orange brain (Depths:1)
  13 deep trolls
  3 wizards
  A lindwurm (Lair:6)
  10 ironbrand convokers
  An obsidian statue (Depths:5)
  4 orc knights
  3 deep elf archers (Vaults:2)
  5 phantasmal warriors
  6 harpies (Shoals:4)
  A necromancer (Vaults:5)
  22 ugly things
  A mana viper (shapeshifter) (Vaults:5)
  4 orb spiders
  5 deep elf magi
  7 moths of wrath
  31 wolf spiders
  4 cyclopes
  A fire giant zombie (Vaults:5)
  3 fauns (Shoals:3)
  2 manticores
  A guardian serpent (shapeshifter) (Depths:1)
  A stone giant skeleton (Vaults:5)
  A merfolk siren (Shoals:4)
  5 black mambas
  A rust devil (Depths:5)
  11 elephants
  16 spiny frogs
  9 vault sentinels
  A water nymph (Shoals:2)
  A black mamba (shapeshifter) (Vaults:4)
  7 torpor snails
  A gargoyle (D:15)
  2 rime drakes
  A komodo dragon (Lair:5)
  37 yaktaurs
  An ice devil (Depths:5)
  7 freezing wraiths
  7 demonic crawlers
  3 trolls
  A meliai (shapeshifter) (Vaults:4)
  29 jumping spiders
  11 polar bears
  20 merfolk
  14 hornets
  6 wind drakes
  A raiju (Lair:6)
  20 slime creatures
  12 blink frogs
  A tyrant leech (Lair:6)
  12 hippogriffs
  A stone giant simulacrum (Vaults:2)
  A spriggan (shapeshifter) (Depths:1)
  5 snapping turtles
  A shadow (D:13)
  A redback (shapeshifter) (D:15)
  53 redbacks
  5 water elementals
  4 spriggans
  26 yaks
  Sigmund (D:4)
  A human (shapeshifter) (D:14)
  24 tarantellas
  A wyvern (Lair:4)
  3 basilisks
  10 hogs
  A steam dragon (D:8)
  A human (D:7)
  A vampire mosquito (D:8)
  Eustachio (D:6)
  A fire bat (shapeshifter) (Vaults:4)
  A neqoxec (Depths:5)
  Menkaure (D:7)
  A chaos spawn (Depths:5)
  8 wargs
  A deep troll zombie (Vaults:5)
  2 acid dragons (Vaults:2)
  16 hell hounds
  12 water moccasins
  Duvessa (D:7)
  A soldier ant (D:8)
  8 porcupines
  11 orc warriors
  A porcupine (shapeshifter) (Vaults:5)
  11 black bears (Lair:6)
  2 ice beasts
  3 sky beasts
  An eye of draining (shapeshifter) (Vaults:4)
  3 centaurs
  36 ogres
  A boggart (Depths:2)
  13 wolves (Lair:6)
  13 crocodiles
  A centaur (shapeshifter) (D:14)
  4 big kobolds
  14 bullfrogs
  Dowan (D:7)
  4 scorpions
  An elf simulacrum (Vaults:1)
  5 wights (D:10)
  5 electric eels
  6 crimson imps
  5 howler monkeys (D:8)
  A bullfrog zombie (D:5)
  2 centaur zombies
  6 hounds
  14 jellies
  2 orc priests
  An iron imp (Depths:5)
  2 bullfrog skeletons (D:8)
  An iguana (D:9)
  Natasha (D:2)
  3 orc wizards
  9 worker ants
  A hound zombie (D:6)
  2 hound skeletons
  Robin (D:3)
  A worker ant zombie (D:7)
  2 adders
  4 gnolls (D:5)
  A howler monkey skeleton (D:8)
  4 river rats (D:5)
  4 shadow imps
  An ufetubus (Depths:5)
  3 adder skeletons
  A worm (D:5)
  A dart slug (D:4)
  3 leopard geckos
  32 orcs
  A ball python (D:8)
  6 giant cockroaches
  12 goblins (D:3)
  2 hobgoblins (D:3)
  6 jackals
  19 kobolds
  2 quokkas
  A bat (D:3)
  A jackal skeleton (D:4)
  A leopard gecko skeleton (D:4)
  A quokka skeleton (D:3)
  A rat (D:3)
  A fungus (Lair:6)
  4 plants
  A tentacle (Shoals:2)
1158 creatures vanquished.

Vanquished Creatures (collateral kills)
  Boris (Vaults:4)
  The ghost of hyperbowl the Cardsharp, an adept HOFi of Nemelex Xobeh (Shoals:4)
  A deep elf sorcerer (Vaults:2)
  2 ghost moths (Spider:4)
  A draconian annihilator (Zot:4)
  2 ironheart preservers
  A spark wasp (Spider:4)
  A yellow draconian (Zot:4)
  2 merfolk impalers (Shoals:4)
  A yaktaur captain (Vaults:2)
  2 two-headed ogres (Vaults:4)
  2 ogre magi (Vaults:4)
  A death yak (Lair:6)
  2 sea snakes
  A kraken simulacrum (Shoals:4)
  An orc knight (Vaults:5)
  5 orb spiders (Spider:4)
  8 wolf spiders (Spider:4)
  2 manticores (Shoals:4)
  A cyclops (Shoals:4)
  A moth of wrath (Zot:4)
  3 water nymphs (Shoals:4)
  3 elephants (Lair:6)
  A vault sentinel (Vaults:4)
  A demonic crawler (Spider:3)
  5 merfolk (Shoals:4)
  10 jumping spiders
  A troll (Vaults:4)
  A wind drake (Shoals:4)
  4 hornets
  2 tyrant leeches (Lair:6)
  2 hippogriffs (Shoals:4)
  2 snapping turtles (Shoals:4)
  12 redbacks
  4 tarantellas
  An ogre (Vaults:4)
  A centaur (Shoals:4)
  A crocodile (Lair:6)
  A plant (Shoals:4)
  2 tentacles
96 creatures vanquished.

Vanquished Creatures (others)
  A vampire knight (Depths:5)
  A yellow draconian (Zot:4)
  A jelly (Zot:4)
  8 fungi
  37 plants
  11 tentacles
59 creatures vanquished.

Grand Total: 1313 creatures vanquished

Notes
Turn   | Place    | Note
-------+----------+-------------------------------------------
     0 | D:1      | SpeedrunTech the Deep Dwarf Fighter began the quest for the Orb.
     0 | D:1      | Reached XP level 1. HP: 20/20 MP: 1/1
   173 | D:2      | Noticed Natasha
   183 | D:2      | HP: 2/20 [Natasha (2)]
   184 | D:2      | Killed Natasha
   184 | D:2      | Reached XP level 2. HP: 2/27 MP: 2/2
   225 | D:3      | Reached XP level 3. HP: 33/33 MP: 2/2
   382 | D:3      | Found a hazy altar of Hepliaklqana.
   386 | D:3      | Noticed Robin
   401 | D:3      | Killed Robin
   446 | D:3      | Found a faded altar of an unknown god.
   512 | D:4      | Reached XP level 4. HP: 26/42 MP: 3/3
   527 | D:5      | Entered Level 5 of the Dungeon
   527 | D:5      | Found a sacrificial altar of Ru.
   529 | D:5      | Noticed a sky beast
   544 | D:5      | Reached XP level 5. HP: 28/49 MP: 4/4
   550 | D:5      | Reached skill level 5 in Shields
   558 | D:5      | Killed a sky beast
   569 | D:5      | Reached XP level 6. HP: 23/56 MP: 5/5
   627 | D:5      | Noticed a water moccasin
   649 | D:5      | Killed a water moccasin
   649 | D:5      | Reached skill level 5 in Axes
   713 | D:6      | Noticed Eustachio
   718 | D:6      | Reached XP level 7. HP: 54/64 MP: 5/5
   743 | D:6      | Killed Eustachio
   912 | D:5      | Found a sparkling altar of Nemelex Xobeh.
   995 | D:5      | HP: 5/66 [ogre/giant spiked club (17)]
  1089 | D:4      | Noticed Sigmund
  1097 | D:4      | Killed Sigmund
  1097 | D:4      | Reached XP level 8. HP: 50/73 MP: 4/4
  1132 | D:4      | Found Qedgh's Food Shop.
  1738 | D:4      | Found an ancient bone altar of Kikubaaqudgha.
  2068 | D:6      | Found a staircase to the Ecumenical Temple.
  2077 | Temple   | Entered the Ecumenical Temple
  2089 | Temple   | Became a worshipper of Makhleb the Destroyer
  2245 | D:6      | Reached skill level 5 in Fighting
  2293 | D:6      | Found a glowing golden altar of the Shining One.
  2352 | D:7      | Noticed Menkaure
  2360 | D:7      | Killed Menkaure
  2360 | D:7      | Reached skill level 1 in Invocations
  2391 | D:7      | Found a hide-covered altar of Uskayaw.
  2428 | D:7      | Noticed Duvessa
  2430 | D:7      | Noticed Dowan
  2440 | D:7      | Killed Duvessa
  2440 | D:7      | Reached skill level 2 in Invocations
  2446 | D:7      | Killed Dowan
  2573 | D:7      | Gained mutation: You passively map the area around you. [Deep Dwarf growth]
  2573 | D:7      | Reached XP level 9. HP: 46/81 MP: 6/6
  2669 | D:7      | Reached * piety under Makhleb
  2691 | D:7      | Reached skill level 3 in Invocations
  2828 | D:7      | Reached skill level 4 in Invocations
  3062 | D:8      | Got a shimmering lapis lazuli ring
  3140 | D:8      | Found Imexe's Antique Armour Emporium.
  3170 | D:8      | Bought a glowing chain mail for 210 gold pieces
  3193 | D:8      | Identified the ring of the Special Tables {MR+ Str+2} (You found it on level 8 of the Dungeon)
  3245 | D:8      | Reached skill level 5 in Invocations
  3276 | D:8      | Reached ** piety under Makhleb
  3276 | D:8      | Reached skill level 10 in Axes
  3304 | D:8      | Reached XP level 10. HP: 81/92 MP: 8/10
  3345 | D:8      | Noticed a two-headed ogre
  3356 | D:8      | Killed a two-headed ogre
  3374 | D:8      | Reached skill level 6 in Invocations
  3516 | D:9      | Found Weosaode's Antique Weapon Emporium.
  3840 | D:9      | Noticed a two-headed ogre
  3849 | D:9      | Killed a two-headed ogre
  3922 | D:9      | Noticed a two-headed ogre
  3931 | D:9      | Killed a two-headed ogre
  3931 | D:9      | Reached skill level 10 in Shields
  3931 | D:9      | Reached skill level 7 in Invocations
  4051 | D:9      | Reached *** piety under Makhleb
  4314 | D:9      | Found a staircase to the Orcish Mines.
  4340 | D:10     | Entered Level 10 of the Dungeon
  4364 | D:10     | Reached XP level 11. HP: 81/102 MP: 8/8
  4447 | D:10     | Found a shadowy altar of Dithmenos.
  4769 | D:10     | Found a staircase to the Lair.
  4785 | Lair:1   | Entered Level 1 of the Lair of Beasts
  4851 | Lair:1   | Reached skill level 8 in Invocations
  4926 | Lair:1   | Noticed an eight-headed hydra
  4950 | Lair:1   | Killed a one-headed hydra
  5071 | Lair:1   | You fall through a shaft!
  5142 | Lair:2   | Found a staircase to the Shoals.
  5655 | Lair:2   | Reached skill level 9 in Invocations
  6251 | Lair:3   | Identified a scroll of acquirement
  6252 | Lair:3   | Got a translucent broad axe
  6253 | Lair:3   | Identified the +2 broad axe of the Shark {holy, rN+ Dex+2} (You acquired it on level 3 of the Lair of Beasts)
  6558 | Lair:3   | Reached XP level 12. HP: 101/112 MP: 10/10
  6573 | Lair:3   | Found a hole to the Spider Nest.
  6608 | Lair:3   | Reached **** piety under Makhleb
  6608 | Lair:3   | Reached skill level 10 in Invocations
  7762 | Lair:5   | Found a viscous altar of Jiyva.
  7764 | Lair:5   | Found a runed door.
  7765 | Lair:5   | Found a staircase to the Slime Pits.
  7958 | Lair:5   | Got a fine plate armour
  7969 | Lair:5   | Identified the +5 plate armour of Limitation {rF+ Str+4 Dex+6} (You found it on level 5 of the Lair of Beasts)
  8180 | Lair:5   | Reached skill level 11 in Invocations
  8444 | Lair:6   | Entered Level 6 of the Lair of Beasts
  8445 | Lair:6   | Noticed a five-headed hydra
  8460 | Lair:6   | Killed a one-headed hydra
  8491 | Lair:6   | Noticed a death yak
  8492 | Lair:6   | Noticed a death yak
  8493 | Lair:6   | Noticed a death yak
  8493 | Lair:6   | Noticed a death yak
  8494 | Lair:6   | Noticed a death yak
  8512 | Lair:6   | Killed a death yak
  8514 | Lair:6   | Killed a death yak
  8516 | Lair:6   | Killed a death yak
  8525 | Lair:6   | Killed a death yak
  8525 | Lair:6   | Reached XP level 13. HP: 122/122 MP: 10/10
  8568 | Lair:6   | Reached skill level 15 in Axes
  8764 | Lair:6   | Reached skill level 10 in Fighting
  8832 | Lair:6   | Reached ***** piety under Makhleb
  8927 | Lair:6   | Reached skill level 12 in Invocations
  9770 | Lair:6   | Found a runed door.
  9815 | Lair:6   | Reached skill level 13 in Invocations
 10153 | Spider:1 | Entered Level 1 of the Spider Nest
 10169 | Spider:1 | Noticed an entropy weaver
 10187 | Spider:1 | Killed an entropy weaver
 10187 | Spider:1 | Gained mutation: You resist negative energy. (rN+) [Deep Dwarf growth]
 10187 | Spider:1 | Reached XP level 14. HP: 82/133 MP: 11/11
 10671 | Spider:1 | Killed a ghost moth
 11693 | Spider:2 | Noticed Nikola
 11714 | Spider:2 | Killed Nikola
 11941 | Spider:3 | Reached skill level 14 in Invocations
 12414 | Spider:3 | Noticed Louise
 12436 | Spider:3 | Killed Louise
 12560 | Spider:3 | Noticed an entropy weaver
 12563 | Spider:3 | Reached ****** piety under Makhleb
 12583 | Spider:3 | Killed an entropy weaver
 12917 | Spider:3 | Reached XP level 15. HP: 62/142 MP: 4/4
 12987 | Spider:4 | Entered Level 4 of the Spider Nest
 13040 | Spider:4 | Paralysed by a hornet for 1 turns
 13109 | Spider:4 | Killed a ghost moth
 13173 | Spider:4 | Reached skill level 5 in Armour
 13177 | Spider:4 | Killed a ghost moth
 13198 | Spider:4 | Killed a ghost moth
 13257 | Spider:4 | Got a gossamer rune of Zot
 13726 | Shoals:1 | Entered Level 1 of the Shoals
 13732 | Shoals:1 | Noticed Kirke
 13859 | Shoals:1 | Killed Kirke
 14162 | Shoals:2 | Noticed a kraken
 14811 | Shoals:3 | Found Qeocu's Distillery.
 14824 | Shoals:3 | Bought a potion of curing for 39 gold pieces
 14824 | Shoals:3 | Bought a potion of curing for 39 gold pieces
 14824 | Shoals:3 | Bought a potion of resistance for 130 gold pieces
 14824 | Shoals:3 | Bought a potion of curing for 39 gold pieces
 14824 | Shoals:3 | Bought a potion of curing for 39 gold pieces
 15005 | Shoals:4 | Entered Level 4 of the Shoals
 15010 | Shoals:4 | Reached skill level 15 in Shields
 15010 | Shoals:4 | Reached XP level 16. HP: 93/154 MP: 4/4
 15904 | Shoals:4 | Got a heavily runed silver ring
 15906 | Shoals:4 | Identified the ring "Sigh" {rF+ MP+9 Stlth+} (You found it on level 4 of the Shoals)
 16031 | Shoals:4 | Noticed hyperbowl's ghost (adept HOFi)
 16048 | Shoals:4 | Killed hyperbowl's ghost
 16134 | Shoals:4 | Reached skill level 15 in Invocations
 16185 | Shoals:4 | Got a barnacled rune of Zot
 17175 | D:13     | Found Beseig's Antique Weapon Emporium.
 17189 | D:13     | Bought an ichor-stained executioner's axe for 495 gold pieces
 17189 | D:13     | Identified the +2 executioner's axe of Fiebb {flame, MP+9} (You bought it in a shop on level 13 of the Dungeon)
 17642 | D:14     | Noticed Frances
 17659 | D:14     | Killed Frances
 17659 | D:14     | Reached skill level 1 in Dodging
 17849 | D:14     | Found a gate to the Vaults.
 17862 | Vaults:1 | Entered Level 1 of the Vaults
 18148 | Vaults:1 | Found Ceematam's General Store.
 18159 | Vaults:1 | Bought a scroll of identify for 36 gold pieces
 18159 | Vaults:1 | Bought a potion of curing for 54 gold pieces
 18159 | Vaults:1 | Bought a scroll of recharging for 171 gold pieces
 18361 | Vaults:1 | Reached XP level 17. HP: 67/165 MP: 4/4
 18915 | Vaults:2 | Reached skill level 16 in Invocations
 18922 | Vaults:2 | Reached skill level 5 in Dodging
 19068 | Vaults:2 | Found Bikhlin's Antique Weapon Shop.
 19210 | Vaults:2 | Reached skill level 10 in Armour
 19524 | Vaults:2 | Reached skill level 15 in Fighting
 19564 | Vaults:2 | Found Vocaewuo's General Store.
 19564 | Vaults:2 | Found Votie's Gadget Shop.
 19580 | Vaults:2 | Bought a potion of curing for 33 gold pieces
 19580 | Vaults:2 | Bought a scroll of blinking for 82 gold pieces
 19580 | Vaults:2 | Bought a scroll of identify for 22 gold pieces
 19630 | Vaults:2 | Found Nuul's Weapon Shop.
 19663 | Vaults:2 | Gained mutation: You passively map a large area around you. [Deep Dwarf growth]
 19663 | Vaults:2 | Reached XP level 18. HP: 178/178 MP: 5/5
 19883 | Vaults:3 | Reached skill level 17 in Invocations
 19964 | Vaults:4 | Noticed Boris
 19999 | Vaults:4 | Killed Boris
 21502 | Vaults:5 | Entered Level 5 of the Vaults
 21520 | Vaults:5 | Reached XP level 19. HP: 189/189 MP: 6/6
 21537 | Vaults:5 | Reached skill level 18 in Invocations
 21712 | Vaults:5 | Reached skill level 10 in Dodging
 21726 | Vaults:5 | Noticed a golden dragon
 21746 | Vaults:5 | Killed a golden dragon
 21774 | Vaults:5 | Noticed YTcomUltraviolent4's ghost (adept DDFi)
 21811 | Vaults:5 | Killed YTcomUltraviolent4's ghost
 21939 | Vaults:5 | Got a silver rune of Zot
 22088 | Vaults:5 | Noticed a lich
 22333 | D:15     | Entered Level 15 of the Dungeon
 22437 | D:15     | Reached XP level 20. HP: 172/201 MP: 5/5
 22445 | D:15     | Found a staircase to the Depths.
 22511 | D:15     | Got an ichor-stained plate armour
 22535 | D:15     | Identified the +7 plate armour "Ygiysu" {rF++} (You found it on level 15 of the Dungeon)
 22581 | Depths:1 | Entered Level 1 of the Depths
 22617 | Depths:1 | Found Igyta's Book Emporium.
 22634 | Depths:1 | Found Razoaw's General Store.
 22658 | Depths:1 | Reached skill level 19 in Invocations
 22677 | Depths:1 | Bought a scroll of brand weapon for 440 gold pieces
 22677 | Depths:1 | Bought a scroll of teleportation for 66 gold pieces
 22693 | Depths:1 | Found Raaluf's Food Shoppe.
 23015 | Depths:2 | Found Puim's Jewellery Boutique.
 23015 | Depths:2 | Found Ifauw's Gadget Shoppe.
 23016 | Depths:2 | Found Seiqeod's Jewellery Boutique.
 23074 | Depths:2 | HP: 20/204 [frost giant/bolt of cold (2)]
 23405 | Depths:5 | Entered Level 5 of the Depths
 23443 | Depths:5 | Gained mutation: Scrolls take you a little longer to read. [a cacodemon]
 23805 | Depths:5 | Found a gate to the Realm of Zot.
 23805 | Depths:5 | Noticed a golden dragon
 23806 | Depths:5 | Noticed a golden dragon
 23819 | Depths:5 | Killed a golden dragon
 23834 | Depths:5 | Killed a golden dragon
 24022 | Zot:1    | Entered Level 1 of the Realm of Zot
 24110 | Zot:1    | Noticed a curse toe
 24140 | Zot:1    | Killed a curse toe
 24140 | Zot:1    | Reached XP level 21. HP: 131/213 MP: 5/5
 24403 | Zot:1    | HP: 11/213 [electric golem/bolt of lightning (33)]
 24408 | Zot:1    | HP: 18/213 [electric golem/bolt of lightning (11)]
 24510 | Zot:2    | Reached skill level 20 in Invocations
 24588 | Zot:3    | HP: 16/213 [storm dragon (7)]
 24588 | Zot:3    | HP: 3/213 [storm dragon (13)]
 24949 | Zot:4    | Noticed an orb of fire
 24969 | Zot:4    | Gained mutation: You are clumsy. (Dex -2) [an orb of fire]
 24970 | Zot:4    | Gained mutation: You tend to lose your temper in combat. [an orb of fire]
 24971 | Zot:4    | Killed an orb of fire
 24971 | Zot:4    | Reached skill level 15 in Armour
 25112 | Zot:4    | HP: 19/216 [death drake[a yellow draconian stormcaller] (3)]
 25113 | Zot:4    | HP: 6/216 [komodo dragon[a yellow draconian stormcaller] (5)]
 25114 | Zot:4    | HP: 2/216 [acid blob (4)]
 25114 | Zot:4    | Annihilated by a komodo dragon

Skill      XL: |  1  2  3  4  5  6  7  8  9 10 11 12 13 14 15 16 17 18 19 20 21 |
---------------+----------------------------------------------------------------+-----
Axes           | 3 4 5 6 8 10 11 13 14 16 17 18 | 18.7
Shields        | 4 5 6 7 8 9 10 11 12 13 14 15 | 15.6
Fighting       | 3 4 5 6 7 8 9 10 11 12 13 15 16 17 18 19 | 19.0
Invocations    | 2 5 7 9 11 13 14 15 16 17 18 19 20 | 20.2
Armour         | 6 9 10 12 13 14 15 | 15.1
Dodging        | 3 7 9 11 12 | 12.9

Action                   |  1- 3 |  4- 6 |  7- 9 | 10-12 | 13-15 | 16-18 | 19-21 || total
-------------------------+-------+-------+-------+-------+-------+-------+-------++-------
Melee: War axe           |    49 |    74 |   365 |   397 |       |   787 |   389 ||  2061
       Broad axe         |       |       |       |   252 |  1219 |   573 |   645 ||  2689
       Hand axe          |       |       |       |    33 |    13 |       |       ||    46
       Unarmed           |       |       |       |       |     4 |       |       ||     4
Invok: Lesser Servant of |       |       |       |     2 |    12 |     1 |     2 ||    17
       Greater Servant o |       |       |       |       |     4 |     9 |     2 ||    15
       Minor Destruction |       |       |       |       |       |       |     1 ||     1
 Abil: Heal Wounds       |     2 |     7 |    12 |    27 |    27 |    13 |    30 ||   118
  Use: Scroll            |       |       |     7 |     9 |    12 |    14 |    16 ||    58
       Potion            |       |       |       |       |     3 |    10 |    21 ||    34
 Stab: Distracted        |       |       |       |     1 |     4 |     6 |       ||    11
       Invisible         |       |       |       |       |       |       |    22 ||    22
  Eat: Chunk             |       |       |    21 |    14 |    24 |    22 |    13 ||    94
       Bread ration      |       |       |       |     1 |       |       |       ||     1
Armor: Scale mail        |    26 |    16 |   100 |       |       |       |       ||   142
       Chain mail        |       |       |    35 |   355 |       |       |       ||   390
       Skin              |       |       |       |     5 |       |       |     2 ||     7
       Plate armour      |       |       |       |    65 |  1206 |   581 |   649 ||  2501
Dodge: Dodged            |    14 |    31 |    88 |   193 |   396 |   345 |   540 ||  1607
Block: Shield            |    30 |    61 |   225 |   504 |  1235 |   861 |   754 ||  3670
